 Dungeon Crawl Stone Soup version 0.31-a0-150-g89dc3ad700 (webtiles) character file.

Game seed: 15675130193570767244

49 qw the Shooter (level 3, 0/31 HPs)
             Began as a Minotaur Hunter on June 8, 2023.
             Slain by Sigmund
             ... wielding a +0 scythe
              (9 damage)
             ... on level 1 of the Dungeon.
             The game lasted 00:00:33 (1790 turns).

qw the Shooter (Minotaur Hunter)                    Turns: 1790, Time: 00:00:34

Health: 0/31       AC:  4    Str: 21    XL:     3   Next: 53%
Magic:  2/2        EV: 12    Int:  6    God:
Gold:   68         SH:  0    Dex: 15    Spells: 2/2 levels left

rFire   . . .        Y - +1 shortbow
rCold   . . .        (shield currently unavailable)
rNeg    . . .        c - +0 leather armour
rPois   .            (helmet restricted)
rElec   .            (no cloak)
rCorr   .            i - +0 pair of gloves
SInv    .            (no boots)
Will    .....        (no amulet)
Stlth   +            b - +6 ring of strength
HPRegen 0.25/turn    (no ring)
MPRegen 0.08/turn

%: no passive effects
@: confused
A: horns 2, retaliatory headbutt
a: no special abilities


You were on level 1 of the Dungeon.
You visited 1 branch of the dungeon, and saw 2 of its levels.

You collected 68 gold pieces.


Innate Abilities, Weirdness & Mutations

You have a pair of horns on your head.
You reflexively headbutt those who attack you in melee.


   Skills:
 - Level 3.0 Fighting
 + Level 5.6 Ranged Weapons
 - Level 2.1 Dodging
 - Level 0.7 Stealth


You had 2 spell levels left.
You didn't know any spells.
Your spell library was empty.

Inventory:

Hand Weapons
 Y - a +1 shortbow (weapon)
Armour
 c - a +0 leather armour (worn)
 i - a +0 pair of gloves (worn)
Jewellery
 b - a +6 ring of strength (left hand)
Scrolls
 a - a scroll of identify
Potions
 g - a potion of invisibility {unknown}
 h - a potion of lignification {unknown}

Dungeon Overview and Level Annotations

Branches:
Dungeon (2/15)

Altars:

Annotations:
D:1 Sigmund


Message History

You climb downwards.
Level annotation: Sigmund The rat misses you.
Sigmund points at you and mumbles some strange words.
You resist with significant effort.
There is a stone staircase leading up here.
You shoot an arrow. The arrow hits Sigmund.
Sigmund is lightly wounded.
The rat barely misses you. Sigmund hits you but does no damage.
You shoot an arrow. The arrow hits Sigmund.
Sigmund is lightly wounded.
The rat completely misses you. Sigmund hits you with a +0 scythe.
You shoot an arrow. The arrow hits Sigmund.
Sigmund is moderately wounded.
The rat bites you but does no damage. x2; Sigmund hits you with a +0 scythe.
1783 ||| STAIRDANCE The rat barely misses you.
You climb upwards.
There is a stone staircase leading down here.
You shoot an arrow. The arrow hits Sigmund.
Sigmund is heavily wounded.
Sigmund mumbles some strange words.
Sigmund flickers and vanishes!
Deactivating autopickup; reactivate with Ctrl-A.
The rat barely misses you.
You shoot an arrow. The arrow completely misses the rat.
Something hits you. The rat bites you but does no damage.
You shoot an arrow. The arrow hits the rat.
You kill the rat!
You hear some strange, mumbled words.
You are confused.
You shoot an arrow.
You hear a zap.
A puff of flame appears from out of thin air!
The puff of flame hits you!
You shoot an arrow. Something hits you!
You shoot an arrow. Something hits you!
You die...

..####.# #.#######.#.#.........
.....#.# #.#.........#...[.....
.....#.#####.#.........#.........
.....#.#.....#.........#....^....
)....#.....###.........#.........
.....###.#.#...........###.######
.........#.#.#.........# #.#
##...#####.#.#.{.......# #.#
...........#....@......# #.#
##########################.#
####.....................#.#
........################.#.#
####.#............# #.(.#
.....#..########### #####
..................#
######.#.########.# ..........%#
#.#


There were no monsters in sight!

Vanquished Creatures
  An adder (D:2)
  A worm (D:2)
  2 dart slugs
  A ball python (D:2)
  2 bats (D:2)
  5 endoplasms
  A goblin (D:1)
  A hobgoblin (D:1)
  4 jackals (D:1)
  4 kobolds
  A quokka (D:1)
  5 frilled lizards
  3 rats
31 creatures vanquished.

Notes
Turn   | Place    | Note
-------+----------+-------------------------------------------
     0 | D:1      | qw the Minotaur Hunter began the quest for the Orb.
     0 | D:1      | Reached XP level 1. HP: 18/18 MP: 0/0
     0 | D:1      | 0 ||| qw: Version: 0.2-a-119-g7aa9181
     0 | D:1      | 0 ||| qw: Game counter: 2853
     0 | D:1      | 0 ||| qw: Always use a shield: true
     0 | D:1      | 0 ||| qw: God list: Okawaru
     0 | D:1      | 0 ||| qw: Allow faded altars: false
     0 | D:1      | 0 ||| qw: Do Orc after D:15 true
     0 | D:1      | 0 ||| qw: Do second Lair branch before Depths: true
     0 | D:1      | 0 ||| qw: Lair rune preference: random
     0 | D:1      | 0 ||| qw: Plans: Normal
     0 | D:1      | 0 ||| PLANNING D:1-11
   458 | D:1      | Reached XP level 2. HP: 21/25 MP: 1/1
   489 | D:1      | Reached skill level 5 in Ranged Weapons
   615 | D:1      | Reached skill level 3 in Fighting
   895 | D:1      | 895 ||| UPGRADING to +0 pair of gloves.
   900 | D:1      | 900 ||| READING scroll labelled UKYSMIQURO.
  1001 | D:1      | 1001 ||| READING scroll labelled YNAGOSA OGYN.
  1002 | D:1      | 1002 ||| READING scroll labelled XYICOVU JYIQOAF.
  1003 | D:1      | 1003 ||| DROPPING scroll of butterflies.
  1115 | D:2      | 1115 ||| FLEEEEING.
  1116 | D:2      | 1116 ||| FLEEEEING.
  1117 | D:2      | 1117 ||| FLEEEEING.
  1118 | D:2      | 1118 ||| FLEEEEING.
  1119 | D:2      | 1119 ||| FLEEEEING.
  1138 | D:2      | 1138 ||| FLEEEEING.
  1139 | D:2      | 1139 ||| FLEEEEING.
  1140 | D:2      | 1140 ||| FLEEEEING.
  1141 | D:2      | 1141 ||| FLEEEEING.
  1146 | D:2      | 1146 ||| STAIRDANCE
  1160 | D:1      | 1160 ||| UPGRADING to +6 ring of strength.
  1161 | D:1      | 1161 ||| READING scroll labelled YTZIAV NAEGG.
  1219 | D:2      | Reached XP level 3. HP: 31/31 MP: 2/2
  1540 | D:2      | Noticed Sigmund
  1553 | D:2      | 1553 ||| FLEEEEING.
  1554 | D:2      | 1554 ||| FLEEEEING.
  1555 | D:2      | 1555 ||| FLEEEEING.
  1556 | D:2      | 1556 ||| FLEEEEING.
  1557 | D:2      | 1557 ||| FLEEEEING.
  1558 | D:2      | 1558 ||| FLEEEEING.
  1560 | D:2      | 1560 ||| FLEEEEING.
  1564 | D:2      | 1564 ||| STAIRDANCE
  1655 | D:1      | 1655 ||| READING scroll labelled GUUSYCUFYN.
  1752 | D:2      | 1752 ||| STAIRDANCE
  1783 | D:2      | 1783 ||| STAIRDANCE
  1790 | D:1      | Slain by Sigmund

Levels and vault maps discovered:
D:1:      dpeg_arrival_shrine, layout_basic
D:2:      layout_basic, uniq_sigmund

Skill      XL: |  1  2 |
---------------+-------+-----
Ranged Weapons | 5 |  5.6
Fighting       | 3 |  3.0
Dodging        | |  2.1
Stealth        | |  0.7

Action                     || total
---------------------------++-------
   Fire: Shortbow          ||    97
    Use: Scroll            ||     5
 Armour: Leather armour    ||    11
  Dodge: Dodged            ||    29

Table legend:
 A = Non-vault XP
 B = Vault XP
 C = Vault XP percentage of total XP
 D = Non-vault monster count
 E = Vault monster count
 F = Vault count percentage of total count
                 A         B        C        D         E       F
            +---------+---------+-------+---------+---------+-------
      Total |      71 |       0 |   0.0 |      31 |       0 |   0.0
            +---------+---------+-------+---------+---------+-------
        D:1 |      33 |       0 |   0.0 |      18 |       0 |   0.0
        D:2 |      38 |       0 |   0.0 |      13 |       0 |   0.0
            +---------+---------+-------+---------+---------+-------
